[Event "45th FIDE Womens Olympiad 2024"]
[Site "Budapest"]
[Date "2024.09.12"]
[Round "2.53"]
[White "Milliet, Sophie"]
[Black "Wagener, Anna"]
[Result "1/2-1/2"]
[ECO "A80"]
[WhiteElo "2348"]
[BlackElo "2251"]
[Annotator "TA"]
[PlyCount "147"]
[EventDate "2024.09.05"]
[EventType "team-tourn"]
[EventCountry "HUN"]
[SourceTitle "playchess.com"]
[Source "ChessBase"]
[SourceQuality "1"]
[WhiteTeam "France"]
[BlackTeam "Luxembourg"]
[WhiteTeamCountry "FRA"]
[BlackTeamCountry "LUX"]
[TimeControl "40/5400+30:1800+30"]

1. d4 f5 2. Bf4 Nf6 3. e3 d6 4. Nc3 c6 5. Bc4 d5 6. Bd3 e6 7. Nf3 Be7 8. O-O O-O 9. Ne2 Ne4 10. c4 Nd7 11. Ne5 {White is slightly better.} Nxe5 12. Bxe5 Bd7 13. Qc2 Rc8 14. f3 Nf6 15. e4 (15. c5 $14) 15... dxc4 16. Bxc4 {Strongly threatening Qb3.} b5 17. Bd3 fxe4 18. Bxe4 (18. fxe4 c5 19. Bxf6 Rxf6 $15) 18... Nxe4 19. Qxe4 c5 20. Rad1 cxd4 21. Nxd4 Bc5 22. Kh1 Qg5 23. f4 Qg4 24. h3 Qg6 25. Qxg6 hxg6 26. Nb3 Rf7 27. Nxc5 Rxc5 28. Rc1 Rd5 29. h4 b4 30. Rf3 Bb5 31. Rb3 a5 32. a3 bxa3 33. bxa3 Rfd7 34. Rc8+ Kf7 35. Kh2 Ba6 36. Ra8 Bb7 37. Rb8 {White has more active pieces.} Ba6 38. Ra8 Bb7 $1 39. Rb8 Ba6 40. Rg3 Bd3 {[#]} 41. h5 $1 Be4 (41... Rd8 42. Rb7+) 42. Rh8 Rd8 43. hxg6+ (43. Rh7 $2 Rxe5 44. fxe5 g5 $19) 43... Bxg6 44. Rxd8 Rxd8 $14 {[%mdl 4096] Endgame. KRB-KRB} 45. Rc3 Rd7 46. Rc5 Ra7 47. g4 Be4 48. Kg3 a4 49. Kh4 Bd5 50. Kg5 Bb3 51. Rc8 {Bd6 is the strong threat.} Rb7 $2 (51... Rd7 $11 {and Black stays safe.}) 52. Bd6 $1 $18 Rb5+ 53. Bc5 $1 g6 54. Kh6 $1 e5 55. fxe5 Ke6 {...Kd7 would now be deadly.} 56. Bd6 (56. Kxg6 $2 Kd7 (56... Kxe5 57. g5 $16) 57. Rf8 Rxc5 $19) 56... Bd1 57. Kg5 Rb3 58. Rc1 (58. Kxg6 Bxg4 59. Kg5 Be2 $11) (58. Re8+ $18 Kd7 59. Re7+ Kc6 60. Rc7+ (60. Kxg6 Bxg4 61. Rc7+ Kd5 $14) 60... Kd5 61. Bb4 (61. Kxg6 Bxg4 62. Kf7 Rb6 $16)) 58... Rd3 $16 59. Rc4 {Inhibits Rd4.} (59. Kxg6 $6 Bxg4 60. Rc8 Bf5+ 61. Kg5 Rg3+ 62. Kf4 Rg4+ 63. Kf3 Rd4 $11) 59... Rg3 60. Rd4 ({Don't play} 60. Kxg6 $6 Rxg4+ (60... Bxg4 61. Kh6 $11) 61. Rxg4 Bxg4 $11) 60... Bc2 61. Rf4 Rg2 (61... Bd1 $16) 62. Kh6 (62. Rf6+ $18 Kd5 63. Bc7) 62... Rh2+ {[#]} 63. Kg7 $1 g5 64. Rf6+ Kd5 {[#]} 65. Bb8 (65. Rh6 $1 $16 Rh4 66. Bb8) 65... Rh7+ $11 66. Kg8 {Black must now prevent Rd6+.} Rb7 67. Bd6 Bd1 68. Rg6 Bxg4 69. Rxg5 Be6+ 70. Kf8 Rh7 71. Rg1 Bf5 72. Rg7 Rxg7 73. Kxg7 Ke6 74. Kf8 {Black escapes into a draw.   Weighted Error Value: White=0.11 (very precise) /Black=0.12 (very precise) .  Loses game:     	---       	Black=1      Mistake:       	White=4     	Black=1      Inaccurate:     	White=4     	Black=4      OK:         	White=33    	Black=27     Best:        	White=1     	Black=9      Strong:       	White=4     	Black=1} 1/2-1/2

[Event "45th FIDE Womens Olympiad 2024"]
[Site "Budapest"]
[Date "2024.09.12"]
[Round "2.54"]
[White "Steil-Antoni, Fiona"]
[Black "Guichard, Pauline"]
[Result "0-1"]
[ECO "B12"]
[WhiteElo "2085"]
[BlackElo "2374"]
[Annotator "TA"]
[PlyCount "90"]
[EventDate "2024.09.05"]
[EventType "team-tourn"]
[EventCountry "HUN"]
[SourceTitle "playchess.com"]
[Source "ChessBase"]
[SourceQuality "1"]
[WhiteTeam "Luxembourg"]
[BlackTeam "France"]
[WhiteTeamCountry "LUX"]
[BlackTeamCountry "FRA"]
[TimeControl "40/5400+30:1800+30"]

1. e4 c6 2. Ne2 d5 3. e5 Bf5 4. Ng3 Bg6 5. h4 h5 6. d4 e6 7. Bd3 Ne7 8. Be3 c5 9. c3 (9. dxc5 $11 Nbc6 10. f4) 9... Nbc6 $15 {Black is slightly better.} 10. Na3 Bxd3 11. Qxd3 Ng6 12. Bg5 Qb6 13. Nc2 cxd4 14. cxd4 Bb4+ 15. Kf1 Be7 16. Rb1 Bxg5 (16... Qd8 $15) 17. hxg5 $11 h4 18. Ne2 Rc8 19. Rh3 Nce7 20. Ne3 Rc6 21. g3 Qa6 22. Qxa6 Rxa6 23. a3 Rc6 24. Rc1 hxg3 25. Rxh8+ Nxh8 26. Rxc6 Nxc6 {[%mdl 4096] Endgame. KNN-KNN} 27. f4 Ng6 28. Kg2 Nge7 29. Kxg3 Na5 30. b4 Nb3 31. Kf2 Nd2 32. Ke1 Ne4 33. Kd1 Kd7 34. Kc2 Kc6 35. a4 Kb6 36. Nc3 Ng3 37. Kd3 a6 38. Nc2 Nc6 39. Ne2 Nf5 40. Nc3 $2 {[%mdl 8192] Loses the game.} (40. Kc3 $11 {and White is okay.}) 40... a5 $19 41. bxa5+ Kxa5 42. Ne3 {[#] aiming for Nxf5.} Nb4+ (42... Ncxd4 43. g6 fxg6 44. Nxf5 Nxf5 45. Nb5 Kxa4 46. Nc7 $19) 43. Kd2 {And now Nxf5 would win.} Nxd4 44. f5 (44. Ng4 {was called for.}) 44... Nf3+ 45. Ke2 Nxg5 {Weighted Error Value: White=0.31/Black=0.10 (very precise) .  Loses game:     	White=1     	---        Mistake:       	White=2     	Black=1      Inaccurate:     	White=2     	Black=2      OK:         	White=11    	Black=13     Best:        	White=2     	Black=2} ({Less strong is} 45... Nxe5 46. g6 fxg6 (46... exf5 $2 47. gxf7 Nxf7 48. Nxf5 $19) 47. fxe6 $19) 0-1

[Event "45th FIDE Womens Olympiad 2024"]
[Site "Budapest"]
[Date "2024.09.12"]
[Round "2.55"]
[White "Hejazipour, Mitra"]
[Black "Bakalarz, Grazyna"]
[Result "1-0"]
[ECO "D40"]
[WhiteElo "2327"]
[BlackElo "1928"]
[Annotator "TA"]
[PlyCount "105"]
[EventDate "2024.09.05"]
[EventType "team-tourn"]
[EventCountry "HUN"]
[SourceTitle "playchess.com"]
[Source "ChessBase"]
[SourceQuality "1"]
[WhiteTeam "France"]
[BlackTeam "Luxembourg"]
[WhiteTeamCountry "FRA"]
[BlackTeamCountry "LUX"]
[TimeControl "40/5400+30:1800+30"]

1. d4 Nf6 2. c4 e6 3. Nf3 d5 4. e3 Be7 5. Nc3 O-O 6. Bd3 dxc4 7. Bxc4 c5 8. O-O Nc6 9. Bb5 Nb4 10. a3 cxd4 11. exd4 {The position is equal.} Nbd5 12. Ne5 Nxc3 13. bxc3 Qc7 14. Qf3 a6 15. Bd3 Bd7 (15... b5 $14) 16. c4 (16. Bh6 $16 {[%cal Oh6g7] Black must now prevent Bxg7!} Rfc8 17. Qg3) 16... Rac8 (16... Bc6 $11 17. Nxc6 bxc6) 17. Bf4 Bc6 18. Qh3 Rfe8 19. Rfe1 {Prevents Be4.} Qd8 20. Rad1 {White has more active pieces.} Ba4 {Prevents Bc2.} 21. Rd2 g6 $1 22. Bb1 Nh5 23. Bh6 Bg5 24. Bxg5 (24. Nxf7 $2 Kxf7 25. Bxg5 Qxg5 $19) 24... Qxg5 25. Rb2 (25. Qc3 $14) 25... b5 {[#]} (25... f6 $11 26. Nf3 Qa5) 26. c5 $1 $16 Rc7 27. Qe3 Qxe3 28. fxe3 Nf6 29. e4 (29. g4 $16) 29... Rd8 (29... Nd7 $1 $11 30. Nxd7 Rxd7) 30. Rf1 $36 {[%mdl 2048] White has some pressure.} Ne8 (30... Rxd4 $14 31. Rxf6 Rxc5) 31. Nf3 Kg7 (31... e5 32. Ba2 exd4 33. Ng5 $11) 32. Ba2 Nf6 33. Re1 h6 34. h3 Nh5 35. Kf2 (35. Rc1 $16) 35... Nf4 $2 (35... e5 $1 $14) 36. Ke3 $18 g5 {[#]} 37. h4 $1 g4 38. Ne5 Ng6 39. Nxg4 (39. Nxg6 $18 Kxg6 40. Rc1) 39... f5 (39... h5 $16) 40. h5 $1 fxg4 41. hxg6 e5 42. dxe5 {And now Rc1 would win.} Rxc5 43. Bf7 (43. e6 $18 {has better winning chances.}) 43... Rxe5 $16 44. Rc1 {Prevents Rc5} Re7 {Inhibits Rc7.} 45. Rb4 a5 46. Rd4 Rxd4 (46... Rf8 $14) 47. Kxd4 $14 {[%mdl 4096] Endgame. Rc8 is the strong threat. KRB-KRB} b4 48. axb4 axb4 49. e5 {aiming for Rc8.} b3 $2 (49... Rd7+ 50. Ke3 Re7) 50. Rc8 $18 {White is clearly winning.} Be8 51. Bxe8 {Bf7 would kill now.} (51. Rxe8 $2 {too greedy.} Rxe8 52. Bxb3 (52. Bxe8 $2 {perishes.} b2 $19) 52... Kxg6 $19) 51... b2 52. Bf7 ({Inferior is} 52. Rb8 Rxe8 53. Rxb2 Rd8+ 54. Kc5 Kxg6 $11) 52... Rd7+ 53. Ke4 $4 {[%mdl 40960] Black used his chance.   Weighted Error Value: White=0.26 (precise) /Black=0.34.  Loses game:     	---       	Black=2      Mistake:       	White=6     	Black=7      Inaccurate:     	White=2     	Black=3      OK:         	White=11    	Black=14     Best:        	White=2     	Black=3      Strong:       	White=2     	Black=1     . Sensor Board Error (Ke4/e5)?} (53. Kc5 $18 h5 54. Rg8+ Kh6 55. Rh8+ Kg5 56. Rb8) 1-0

[Event "45th FIDE Womens Olympiad 2024"]
[Site "Budapest"]
[Date "2024.09.12"]
[Round "2.56"]
[White "Kremer, Nadine"]
[Black "Benmesbah, Natacha"]
[Result "0-1"]
[ECO "B15"]
[WhiteElo "1898"]
[BlackElo "2258"]
[Annotator "ChessBase"]
[PlyCount "54"]
[EventDate "2024.09.05"]
[EventType "team-tourn"]
[EventCountry "HUN"]
[SourceTitle "playchess.com"]
[Source "ChessBase"]
[SourceQuality "1"]
[WhiteTeam "Luxembourg"]
[BlackTeam "France"]
[WhiteTeamCountry "LUX"]
[BlackTeamCountry "FRA"]
[TimeControl "40/5400+30:1800+30"]

1. e4 c6 2. d4 d5 3. Nc3 dxe4 4. Nxe4 Nf6 5. Nxf6+ exf6 6. c3 Bd6 7. Bd3 O-O 8. Qc2 Re8+ 9. Ne2 h5 10. Bd2 Nd7 11. O-O-O Nf8 12. h4 Be6 13. Kb1 b5 14. f3 a5 15. b3 Qc7 16. Rhg1 f5 17. Qc1 Ng6 18. Be1 b4 19. cxb4 a4 20. Bc4 axb3 21. axb3 Qa7 22. Nc3 Bxc4 23. bxc4 Bxb4 24. Kc2 Bxc3 25. Kxc3 Qa2 26. Qb2 Re3+ 27. Kc2 Qxc4+ 0-1

[Event "45th FIDE Womens Olympiad 2024"]
[Site "Budapest"]
[Date "2024.09.12"]
[Round "2.57"]
[White "Yao, Lan"]
[Black "De Blecourt, Sandra"]
[Result "1-0"]
[ECO "B33"]
[WhiteElo "2353"]
[BlackElo "2065"]
[Annotator "TA"]
[PlyCount "67"]
[EventDate "2024.09.05"]
[EventType "team-tourn"]
[EventCountry "HUN"]
[SourceTitle "playchess.com"]
[Source "ChessBase"]
[SourceQuality "1"]
[WhiteTeam "England"]
[BlackTeam "Denmark"]
[WhiteTeamCountry "ENG"]
[BlackTeamCountry "DEN"]
[TimeControl "40/5400+30:1800+30"]

1. e4 c5 2. Nf3 Nc6 3. d4 cxd4 4. Nxd4 Nf6 5. Nc3 e5 6. Ndb5 d6 7. Nd5 Nxd5 8. exd5 Nb8 9. a4 Be7 10. Be2 O-O 11. O-O Nd7 12. Bd2 a6 13. Na3 {The position is equal.} a5 14. Nb5 f5 15. c3 Nf6 16. b4 Kh8 17. Qb3 Ne4 18. Be1 f4 19. f3 Qb6+ 20. Kh1 Qe3 {[%mdl 8192] This costs Black the game.} (20... Nf6 $16) 21. Qd1 $18 Ng3+ 22. hxg3 fxg3 {[#] ( -> ...Qh6+)} 23. Qd2 (23. Bxg3 axb4 24. Bh2 (24. cxb4 Rf6 $18) 24... b3 $18) 23... Qf4 24. Qxf4 exf4 25. Bd2 Bd7 26. bxa5 {White is clearly winning.} Rxa5 27. Rfb1 Bd8 28. Kg1 ({Weaker is} 28. Nxd6 Rxd5 29. Ne4 (29. Nxb7 Rxd2 30. Nxd8 Rxe2 $19) 29... Bc6 $18) 28... Bxb5 29. Rxb5 ({Don't do} 29. axb5 Bb6+ 30. Kf1 g5 31. Rxa5 Bxa5 $18) 29... Rxb5 30. Bxb5 Bb6+ 31. Kf1 g5 32. Re1 g4 33. fxg4 f3 34. Re8 {Weighted Error Value: White=0.04 (flawless) /Black=0.43.  Loses game:     	---       	Black=1      Inaccurate:     	---       	Black=3      OK:         	White=10    	Black=4      Best:        	White=3     	---} 1-0

[Event "45th FIDE Womens Olympiad 2024"]
[Site "Budapest"]
[Date "2024.09.12"]
[Round "2.58"]
[White "Kakulidis, Ellen"]
[Black "Hunt, Harriet V"]
[Result "0-1"]
[ECO "E04"]
[WhiteElo "2048"]
[BlackElo "2304"]
[Annotator "ChessBase"]
[PlyCount "40"]
[EventDate "2024.09.05"]
[EventType "team-tourn"]
[EventCountry "HUN"]
[SourceTitle "playchess.com"]
[Source "ChessBase"]
[SourceQuality "1"]
[WhiteTeam "Denmark"]
[BlackTeam "England"]
[WhiteTeamCountry "DEN"]
[BlackTeamCountry "ENG"]
[TimeControl "40/5400+30:1800+30"]

1. d4 Nf6 2. c4 e6 3. g3 d5 4. Bg2 dxc4 5. Nf3 Nc6 6. Qa4 Bb4+ 7. Bd2 Bd6 8. Ne5 Bxe5 9. Bxc6+ bxc6 10. dxe5 Qd5 11. O-O Nd7 12. Bc3 O-O 13. Rd1 Qe4 14. Nd2 Nb6 15. Qxa7 Qxe2 16. Qxc7 Nd5 17. Qxc6 Rxa2 18. Rxa2 Qxd1+ 19. Kg2 Qe2 20. Qxc4 Ne3+ 0-1

[Event "45th FIDE Womens Olympiad 2024"]
[Site "Budapest"]
[Date "2024.09.12"]
[Round "2.59"]
[White "Toma, Katarzyna"]
[Black "Jakobsen, Shanne Hedegaard"]
[Result "1-0"]
[ECO "B18"]
[WhiteElo "2184"]
[BlackElo "2002"]
[Annotator "ChessBase"]
[PlyCount "53"]
[EventDate "2024.09.05"]
[EventType "team-tourn"]
[EventCountry "HUN"]
[SourceTitle "playchess.com"]
[Source "ChessBase"]
[SourceQuality "1"]
[WhiteTeam "England"]
[BlackTeam "Denmark"]
[WhiteTeamCountry "ENG"]
[BlackTeamCountry "DEN"]
[TimeControl "40/5400+30:1800+30"]

1. e4 c6 2. d4 d5 3. Nc3 dxe4 4. Nxe4 Bf5 5. Ng3 Bg6 6. Bc4 e6 7. N1e2 h6 8. Nf4 Ne7 9. O-O Qd6 10. Re1 Bh7 11. Bxe6 fxe6 12. Nxe6 Na6 13. Bf4 Qd7 14. Nh5 Bf5 15. Nhxg7+ Bxg7 16. Nxg7+ Kd8 17. Be5 Rg8 18. Bf6 Rxg7 19. Bxg7 Kc7 20. Be5+ Kc8 21. Qe2 Ng6 22. Bg3 Nc7 23. c4 b6 24. d5 cxd5 25. cxd5 Kb7 26. d6 Re8 27. Qf3+ 1-0

[Event "45th FIDE Womens Olympiad 2024"]
[Site "Budapest"]
[Date "2024.09.12"]
[Round "2.60"]
[White "Guindy, Esmat Susanne"]
[Black "Sivanandan, Bodhana"]
[Result "1-0"]
[ECO "D23"]
[WhiteElo "2015"]
[BlackElo "2196"]
[Annotator "ChessBase"]
[PlyCount "145"]
[EventDate "2024.09.05"]
[EventType "team-tourn"]
[EventCountry "HUN"]
[SourceTitle "playchess.com"]
[Source "ChessBase"]
[SourceQuality "1"]
[WhiteTeam "Denmark"]
[BlackTeam "England"]
[WhiteTeamCountry "DEN"]
[BlackTeamCountry "ENG"]
[TimeControl "40/5400+30:1800+30"]

1. d4 d5 2. Nf3 Nf6 3. c4 c6 4. Qc2 dxc4 5. Qxc4 Bf5 6. g3 e6 7. Bg2 Be7 8. O-O O-O 9. Nc3 Nbd7 10. Re1 Ne4 11. Qb3 Qb6 12. Nh4 Bxh4 13. gxh4 Ndf6 14. f3 Nxc3 15. bxc3 e5 16. Qxb6 axb6 17. dxe5 Nd7 18. f4 Be6 19. a3 Nc5 20. Be3 Nb3 21. Rab1 b5 22. Be4 Rfe8 23. Kf2 g6 24. h5 Na5 25. hxg6 fxg6 26. Rg1 Nc4 27. h4 Nxe3 28. Kxe3 Kf7 29. h5 Bf5 30. Bxf5 gxf5 31. Rg5 Ke6 32. Rd1 Red8 33. Rxd8 Rxd8 34. Rg7 Ra8 35. Rxh7 Rxa3 36. Kd2 Ra4 37. e3 Ra2+ 38. Kd3 Rh2 39. Rxb7 Rxh5 40. Kd4 Rh2 41. Rc7 Rd2+ 42. Kc5 Rd5+ 43. Kb4 Rd3 44. Rxc6+ Ke7 45. Rf6 Rxe3 46. Rxf5 Ke6 47. Rf6+ Kd7 48. e6+ Ke7 49. Rf5 Re1 50. Re5 Rb1+ 51. Kc5 Rb3 52. f5 Rxc3+ 53. Kxb5 Rc8 54. Rc5 Rb8+ 55. Kc4 Kf6 56. Rd5 Rc8+ 57. Kb5 Rc7 58. Rc5 Ra7 59. Kb6 Ra1 60. Kb7 Rd1 61. Kc8 Rh1 62. Rc7 Rh8+ 63. Kd7 Rg8 64. e7 Kf7 65. f6 Ra8 66. Rc8 Rxc8 67. Kxc8 Ke8 68. Kc7 Kf7 69. Kd7 Kxf6 70. e8=Q Kg7 71. Ke6 Kh7 72. Kf6 Kh6 73. Qh8# 1-0

[Event "45th FIDE Womens Olympiad 2024"]
[Site "Budapest"]
[Date "2024.09.12"]
[Round "2.61"]
[White "Maksimovic, Masa"]
[Black "Atalik, Ekaterina"]
[Result "0-1"]
[ECO "C92"]
[WhiteElo "2093"]
[BlackElo "2381"]
[Annotator "TA"]
[PlyCount "80"]
[EventDate "2024.09.05"]
[EventType "team-tourn"]
[EventCountry "HUN"]
[SourceTitle "playchess.com"]
[Source "ChessBase"]
[SourceQuality "1"]
[WhiteTeam "Bosnia & Herzegovina"]
[BlackTeam "Turkiye"]
[WhiteTeamCountry "BIH"]
[TimeControl "40/5400+30:1800+30"]

1. e4 e5 2. Nf3 Nc6 3. Bb5 a6 4. Ba4 Nf6 5. O-O Be7 6. Re1 b5 7. Bb3 d6 8. c3 O-O 9. h3 Bb7 10. d4 Nd7 11. Nbd2 exd4 12. cxd4 Bf6 13. Nf1 Na5 {White is slightly better.} 14. Bc2 Re8 15. Ng3 g6 $1 16. Rb1 c5 17. b4 (17. d5 $14) 17... cxb4 18. Rxb4 Rc8 19. a4 Qc7 20. Bb1 bxa4 ({Better is} 20... Be7 $11) 21. Qxa4 Bc6 22. Qd1 Bb5 23. Bf4 Nb6 24. Bd3 $1 Nac4 25. Bg5 (25. Qa1 $14) 25... Bxg5 $11 26. Nxg5 d5 {aiming for ...Qe7.} 27. Rb1 Qf4 28. Nf3 Na3 29. Bxb5 Nxb5 (29... axb5 $11 30. Rb3 Nc2) 30. Ra1 ({White should try} 30. e5 $1 $14) 30... dxe4 $15 31. Ne5 Nc3 $36 {[%mdl 2048] Black has some pressure.} 32. Qg4 Qxg4 33. Nxg4 Nbd5 {Prevents Nf6+. Black is more active.} 34. Rxa6 {[#]} Kg7 (34... f5 $1 $17 35. Nf6+ Nxf6 36. Rxf6 Red8) 35. Rd6 Nf4 (35... Red8 $17 36. Rxd8 (36. Nxe4 $2 Nxe4 37. Rxd8 Rxd8 $19) 36... Rxd8) 36. Nf6 $11 Re7 37. Ngxe4 $2 {[#]} (37. Nfxe4 $2 {too greedy.} f5 38. f3 fxe4 39. Nxe4 Nb5 $19) ({White should play} 37. Re3 $11) 37... Nfe2+ $1 $17 38. Kh2 $2 (38. Rxe2 $17 {was the only chance.} Nxe2+ 39. Kh2) 38... Nxe4 $19 39. Nd5 Nxd6 ({Weaker is} 39... Nxd4 40. Rxg6+ hxg6 41. Nxe7 $11) 40. Nxe7 Rc2 {Weighted Error Value: White=0.39/Black=0.14 (very precise) .  Loses game:     	White=1     	---        Mistake:       	White=4     	Black=4      Inaccurate:     	White=3     	Black=1      OK:         	White=11    	Black=11     Best:        	---       	Black=3      Strong:       	White=1     	Black=2} ({Not} 40... Nxd4 41. Nxc8 Nxc8 42. Rd1 $15) 0-1

[Event "45th FIDE Womens Olympiad 2024"]
[Site "Budapest"]
[Date "2024.09.12"]
[Round "2.62"]
[White "Yildiz Kadioglu, Betul Cemre"]
[Black "Babic, Milana"]
[Result "1/2-1/2"]
[ECO "A30"]
[WhiteElo "2314"]
[BlackElo "2080"]
[Annotator "ChessBase"]
[PlyCount "80"]
[EventDate "2024.09.05"]
[EventType "team-tourn"]
[EventCountry "HUN"]
[SourceTitle "playchess.com"]
[Source "ChessBase"]
[SourceQuality "1"]
[WhiteTeam "Turkiye"]
[BlackTeam "Bosnia & Herzegovina"]
[WhiteTeamCountry "TUR"]
[BlackTeamCountry "BIH"]
[TimeControl "40/5400+30:1800+30"]

1. d4 Nf6 2. Nf3 b6 3. g3 Bb7 4. Bg2 e6 5. O-O c5 6. c4 cxd4 7. Nxd4 Bxg2 8. Kxg2 a6 9. Nc3 Be7 10. e4 Qc7 11. Qe2 Nc6 12. Nxc6 Qxc6 13. f3 d6 14. Be3 O-O 15. Rac1 Rfc8 16. b3 Rc7 17. Bd4 Rac8 18. a4 Qb7 19. Qb2 Nd7 20. Ne2 Bf6 21. Bxf6 Nxf6 22. Qd4 Rc6 23. Nc3 Qc7 24. Na2 a5 25. Nc3 d5 26. exd5 exd5 27. Nxd5 Nxd5 28. Qxd5 Rd6 29. Qb5 Rd2+ 30. Rf2 Qd6 31. Re1 Rxf2+ 32. Kxf2 Qd4+ 33. Re3 h6 34. Qe5 Qd1 35. Kg2 Rd8 36. Kh3 Qf1+ 37. Kg4 Qd1 38. Kh3 Qf1+ 39. Kg4 Qd1 40. Kh3 Qf1+ 1/2-1/2

[Event "45th FIDE Womens Olympiad 2024"]
[Site "Budapest"]
[Date "2024.09.12"]
[Round "2.63"]
[White "Jacimovic, Sara"]
[Black "Aydin, Gulenay"]
[Result "0-1"]
[ECO "B24"]
[WhiteElo "1981"]
[BlackElo "2202"]
[Annotator "ChessBase"]
[PlyCount "74"]
[EventDate "2024.09.05"]
[EventType "team-tourn"]
[EventCountry "HUN"]
[SourceTitle "playchess.com"]
[Source "ChessBase"]
[SourceQuality "1"]
[WhiteTeam "Bosnia & Herzegovina"]
[BlackTeam "Turkiye"]
[WhiteTeamCountry "BIH"]
[BlackTeamCountry "TUR"]
[TimeControl "40/5400+30:1800+30"]

1. e4 c5 2. Nc3 e6 3. g3 Nc6 4. Bg2 g6 5. Nge2 Bg7 6. d3 Nge7 7. Bg5 h6 8. Be3 Nd4 9. Qd2 d6 10. O-O Rb8 11. f4 b5 12. Nd1 Nxe2+ 13. Qxe2 O-O 14. c3 a5 15. Nf2 Bb7 16. Rfd1 b4 17. Rac1 Ba6 18. e5 bxc3 19. bxc3 Nf5 20. exd6 Nxe3 21. Qxe3 Rc8 22. Ne4 Bb7 23. d7 Qxd7 24. Nxc5 Rxc5 25. Qxc5 Bxg2 26. Kxg2 Rc8 27. Qa3 Qd5+ 28. Kh3 Qh5+ 29. Kg2 Qe2+ 30. Kh3 Bf8 31. Qxa5 Rc5 32. Qxc5 Bxc5 33. a4 g5 34. fxg5 hxg5 35. Re1 g4+ 36. Kh4 Be7+ 37. Kh5 Qxd3 0-1

[Event "45th FIDE Womens Olympiad 2024"]
[Site "Budapest"]
[Date "2024.09.12"]
[Round "2.64"]
[White "Isgenderova, Hayale"]
[Black "Mahmutbegovic Smajilbasic, Nadina"]
[Result "1-0"]
[ECO "C55"]
[WhiteElo "2124"]
[BlackElo "1973"]
[Annotator "NA"]
[PlyCount "71"]
[EventDate "2024.09.05"]
[EventType "team-tourn"]
[EventCountry "HUN"]
[SourceTitle "playchess.com"]
[Source "ChessBase"]
[SourceQuality "1"]
[WhiteTeam "Turkiye"]
[BlackTeam "Bosnia & Herzegovina"]
[WhiteTeamCountry "TUR"]
[BlackTeamCountry "BIH"]
[TimeControl "40/5400+30:1800+30"]

1. e4 e5 2. Nf3 Nc6 3. Bc4 Nf6 4. d3 h6 5. c3 g5 6. d4 exd4 7. e5 d5 8. Bb5 Ne4 9. Nxd4 Bd7 10. e6 fxe6 11. Qh5+ Ke7 12. Bxc6 bxc6 13. f3 Nf6 14. Bxg5 Bg7 15. Bh4 c5 16. Ne2 Be8 17. Qe5 Qd6 18. Qe3 Kf7 19. Bg3 Qb6 20. Nf4 Qxb2 21. Qxe6+ Kf8 22. O-O Qxa1 23. Nxd5 Nxd5 24. Qxd5 Bd4+ 25. Kh1 Rb8 26. Qf5+ Bf7 27. cxd4 Qxd4 28. Be5 Qd5 29. Qf6 Rh7 30. Bxc7 Rc8 31. Bd6+ Kg8 32. Nc3 Qe6 33. Ne4 Rg7 34. Be5 Qxf6 35. Nxf6+ Kf8 36. Bd6# 1-0

[Event "45th FIDE Womens Olympiad 2024"]
[Site "Budapest"]
[Date "2024.09.12"]
[Round "2.65"]
[White "Roebers, Eline"]
[Black "Stojkovska, Monika"]
[Result "1-0"]
[ECO "C13"]
[WhiteElo "2340"]
[BlackElo "2043"]
[Annotator "TA"]
[PlyCount "109"]
[EventDate "2024.09.05"]
[EventType "team-tourn"]
[EventCountry "HUN"]
[SourceTitle "playchess.com"]
[Source "ChessBase"]
[SourceQuality "1"]
[WhiteTeam "Netherlands"]
[BlackTeam "North Macedonia"]
[WhiteTeamCountry "NED"]
[BlackTeamCountry "MKD"]
[TimeControl "40/5400+30:1800+30"]

1. e4 e6 2. d4 d5 3. Nc3 Nf6 4. Bg5 dxe4 5. Nxe4 Be7 6. Bxf6 gxf6 7. Nc3 {C13: French: Classical System: 4 Bg5 Be7, Alekhine-Chatard Attack.} a6 8. g3 b5 9. Bg2 Ra7 10. Qd3 c5 $146 ({Predecessor:} 10... Bb7 11. Bxb7 Rxb7 12. O-O-O c6 13. Nf3 Nd7 14. Kb1 Qa5 15. Nd2 Qc7 16. Rhe1 h5 {½-½ Xiong,J (2709)-Niemann,H (2465) Chess24 Banter Blitz Cup Qual-B 2020 (1.3)}) 11. d5 Rd7 12. Nh3 b4 13. Nd1 Bb7 (13... exd5 $11 {remains equal.} 14. Ne3 d4) 14. Ne3 $16 exd5 15. Nf5 (15. O-O-O $142) 15... Nc6 $16 16. Nf4 (16. Qe2 $16) 16... Ne5 $11 17. Qe2 Qa8 18. O-O-O d4 19. Bxb7 Qxb7 20. Nh5 Kd8 21. f4 Ng6 (21... d3 $1 $11 {keeps the balance.} 22. cxd3 Nxd3+ 23. Qxd3 (23. Kb1 c4 $17) 23... Rxd3 24. Rxd3+ Kc7) 22. g4 (22. Rhe1 $16) 22... Kc7 23. Rhe1 Qb5 24. Qe4 Qc6 25. Nxe7 Qxe4 26. Rxe4 Rxe7 27. Rde1 Rxe4 28. Rxe4 Kd6 (28... f5 $5 29. gxf5 Nh4 $11) 29. Nxf6 h6 30. Kd2 Ne7 (30... Nh4 $14) 31. Re5 $18 Ng6 (31... c4 {was called for.} 32. Ne4+ Kd7) 32. Ne4+ $18 Kd7 33. Nxc5+ Kd6 34. Ne4+ Kd7 35. Rf5 Ke7 36. Kd3 Rc8 37. Nd2 (37. Kxd4 Rxc2 38. Rc5 Rxb2 $14) 37... Nf8 38. Nc4 (38. Kxd4 Rxc2 39. Kd3 Rxb2 $11) 38... Ne6 39. Nb6 Rb8 40. Nd5+ Kd6 41. Nf6 Ke7 42. Ne4 f6 $2 (42... Re8 {keeps fighting.} 43. Nc5 Nxc5+ 44. Rxc5 Kf6 45. Rf5+ (45. Kxd4 Re2 $18) 45... Kg7) 43. Nxf6 $18 Ng7 44. Nd5+ Kd6 45. Re5 Ne6 46. Ke4 b3 47. cxb3 d3 48. Ne3 Rb4+ 49. Nc4+ Kd7 50. Rd5+ Kc6 51. Rd6+ Kc7 52. Ke5 (52. Rxe6 d2 53. Re7+ (53. Rxh6 $2 d1=Q $19) 53... Kc8 54. Re8+ (54. Rd7 $2 Kxd7 55. a3 Rxc4+ 56. bxc4 d1=Q $19) 54... Kc7 (54... Kd7 $2 55. Re5 $18) 55. Re7+ Kc6 56. Re6+ Kc7 57. Re7+ $11 (57. Rxh6 $2 d1=Q $19)) 52... Nc5 53. f5 (53. Rxh6 $2 {perishes.} Rxc4 54. bxc4 Nd7+ 55. Kf5 (55. Kd5 $2 d2 $19) 55... d2 $19) 53... Rb8 54. Rxh6 Re8+ 55. Kd4 1-0